 Dungeon Crawl Stone Soup version 0.24-a0-201-gf205589 (webtiles) character file.

Game seed: 16804299225478364334

10460 Borgoz the Slicer (level 11, -1/111 HPs)
             Began as a Halfling Fighter on Mar 24, 2019.
             Was a Believer of Ashenzari.
             Slain by an ice devil (17 damage)
             ... on level 12 of the Dungeon.
             The game lasted 00:21:08 (9789 turns).

Borgoz the Slicer (Halfling Fighter)                Turns: 9789, Time: 00:21:09

Health: -1/111     AC: 15    Str: 22    XL:     11   Next: 93%
Magic:  18/18      EV: 15    Int:  9    God:    Ashenzari [**....]
Gold:   570        SH: 12    Dex: 15    Spells: 19/19 levels left

rFire    + . .     SeeInvis .   e - +2 rapier (drain)
rCold    . . .     Gourm    .   c - +0 shield
rNeg     + . .     Faith    .   N - +3 scale mail "Betteov" {rN+ Regen+}
rPois    +         Spirit   .   (no helmet)
rElec    .         Reflect  .   M - +0 cloak
rCorr    .         Harm     .   s - +0 pair of gloves
MR       .....                  o - +0 pair of boots
Stlth    ..........             J - amulet of rage
HPRegen  0.68/turn              y - ring of protection from fire
MPRegen  0.16/turn              b - ring of poison resistance

@: berserking, lightly drained, very quick
A: small, mutation resistance 1
a: Curse Item, Scrying, Renounce Religion, Evoke Berserk Rage


You were on level 12 of the Dungeon.
You worshipped Ashenzari.
Ashenzari was pleased with you.
You were hungry.

You visited 2 branches of the dungeon, and saw 13 of its levels.
You also visited: Sewer and Ossuary.

You collected 570 gold pieces.

Inventory:

Hand Weapons
 a - a +1 short sword of venom
 e - a +2 rapier of draining (weapon)
 F - a +0 blowgun
Missiles
 p - 20 tomahawks (quivered)
 v - 24 poisoned needles
 z - 5 tomahawks of returning
 H - 3 needles of sleeping
 O - 3 throwing nets
Armour
 c - a +0 shield (worn)
 o - a +0 pair of boots (worn)
 s - a +0 pair of gloves (worn)
 A - a +0 troll leather armour
 M - a +0 cloak (worn)
 N - the +3 scale mail "Betteov" (worn) {rN+ Regen+}
   (You found it on level 7 of the Dungeon)

   It protects you from negative energy.
   It increases your rate of regeneration.
Jewellery
 b - a ring of poison resistance (right hand)
 u - an uncursed amulet of regeneration
 y - a ring of protection from fire (left hand)
 I - an uncursed ring of protection from fire
 J - an amulet of rage (around neck)
Wands
 j - a wand of random effects (14)
 K - a wand of paralysis (6)
 P - a wand of flame (48)
Scrolls
 g - 2 scrolls of fog
 h - 2 scrolls of identify
 i - 6 scrolls of remove curse
 q - 4 scrolls of magic mapping
 r - a scroll of amnesia
 w - 3 scrolls of teleportation
 B - a scroll of silence
 L - a scroll of torment {unknown}
Potions
 d - 7 potions of curing
 k - a potion of magic
 l - 4 potions of lignification
 n - 3 potions of agility
 x - 3 potions of brilliance
 C - 2 potions of haste
 D - 5 potions of might
 G - a potion of flight
 Q - 2 potions of degeneration {unknown}
Comestibles
 f - 22 rations


   Skills:
 + Level 6.4(6.2) Fighting
 + Level 8.0(7.9) Short Blades
 + Level 6.0(5.8) Throwing
 + Level 7.7(7.5) Armour
 + Level 6.9(6.7) Dodging
 - Level 5.2(5.1) Stealth
 + Level 7.7(7.6) Shields
 + Level 4.8(4.7) Spellcasting
 + Level 4.5(4.4) Evocations


You had 19 spell levels left.
You didn't know any spells.
Your spell library was empty.

Dungeon Overview and Level Annotations

Branches:
Dungeon (12/15)            Temple (1/1) D:4            Lair (0/6) D:8
    Orc: D:9-12

Altars:
Ashenzari
Cheibriados
Dithmenos
Elyvilon
Fedhas
Gozag
Hepliaklqana
Kikubaaqudgha
Makhleb
Nemelex Xobeh
Okawaru
Qazlal
Ru
Sif Muna
Trog
Uskayaw
Vehumet
Wu Jian
Xom
Yredelemnul
Zin
The Shining One

Shops:
D:7 %   D:8 [   D:10 =   D:11 %

Portals:
Ice
Cave: D:12


Innate Abilities, Weirdness & Mutations

You are small and have problems with some larger weapons.
You are somewhat resistant to further mutation.


Message History

You block the ice devil's attack.
You hit the ice devil but do no damage.
The ice devil is severely wounded.
The ice devil closely misses you.
You hit the ice devil.
The ice devil is almost dead.
The ice devil hits you.
* * * LOW HITPOINT WARNING * * *
The ice devil freezes you!
* * * LOW HITPOINT WARNING * * *
Unknown command.
Evoke which item? (* to show all) (? for menu, Esc to quit)
Okay, then.
Okay, then.
Okay, then.
A red film seems to cover your vision as you go berserk!
You feel yourself moving faster!
You feel mighty! The ice devil hits you.
* * * LOW HITPOINT WARNING * * *
The ice devil freezes you!
You die...

,
#.......##...###......#
, #.......##...#
#......# *
#.<.....##...# #......#
, #.......##...#
#......# #.....########
#......# #.....#
####......# #.....###*
...##......# * ,
#.<...'.##....##......#
#.....#.@44..∩##......#
*
#.....+.##....##......#
,
#.....###*,...##......#
* .......# ####........
........# #........
######### #########


You could see 2 ice devils.

Vanquished Creatures
  Harold (D:8)
  Erica (D:8)
  Nergalle (D:12)
  Pikel (D:8)
  An ugly thing (D:10)
  A troll (D:9)
  Grinder (D:4)
  Prince Ribbit (D:5)
  A hippogriff (D:8)
  Sigmund (D:4)
  A vampire (D:9)
  A wyvern (D:10)
  Eustachio (D:4)
  6 yaks
  3 vampire mosquitoes (D:9)
  2 ice beasts
  4 porcupines (D:8)
  4 phantoms
  4 slaves (D:8)
  A sky beast (D:9)
  4 black bears
  2 orc warriors
  4 ogres
  3 centaurs
  2 big kobolds
  2 gnoll sergeants
  6 bullfrogs
  A water moccasin skeleton (D:4)
  5 scorpions
  9 killer bees
  A wight (D:8)
  2 howler monkeys (D:10)
  3 crimson imps
  A bullfrog zombie (D:6)
  5 hounds
  3 jellies
  A bullfrog skeleton (D:5)
  A centaur skeleton (D:7)
  An iguana (D:6)
  10 orc wizards
  6 worker ants
  3 big kobold zombies (Ossuary)
  A mummy (Ossuary)
  2 hound skeletons
  7 gnolls
  13 adders
  7 river rats (Sewer)
  A shadow imp (D:6)
  4 oozes
  An adder skeleton (D:2)
  An adder zombie (D:2)
  2 worms (D:3)
  A dart slug (D:2)
  4 leopard geckos
  41 orcs
  2 spectral bats (Ossuary)
  7 bats
  8 giant cockroaches
  9 gnoll zombies (Ossuary)
  5 goblins
  8 hobgoblins
  8 jackals
  A quokka (D:6)
  6 ball pythons
  A ball python zombie (D:2)
  2 bat simulacra (Ossuary)
  6 frilled lizards
  2 giant cockroach zombies
  A goblin simulacrum (Ossuary)
  4 goblin zombies (Ossuary)
  6 hobgoblin zombies (Ossuary)
  29 kobolds
  4 kobold simulacra (Ossuary)
  3 kobold zombies (Ossuary)
  3 leopard gecko skeletons
  5 orc zombies (Ossuary)
  A quokka skeleton (D:2)
  21 rats
  3 rat simulacra (Ossuary)
  A spectral goblin (Ossuary)
  4 spectral kobolds (Ossuary)
  5 spectral rats (Ossuary)
352 creatures vanquished.

Vanquished Creatures (others)
  17 fungi (D:8)
17 creatures vanquished.

Grand Total: 369 creatures vanquished

Notes
Turn   | Place    | Note
-------+----------+-------------------------------------------
     0 | D:1      | Borgoz the Halfling Fighter began the quest for the Orb.
     0 | D:1      | Reached XP level 1. HP: 15/15 MP: 1/1
   423 | D:1      | Reached XP level 2. HP: 18/20 MP: 2/2
   803 | D:1      | Reached XP level 3. HP: 25/25 MP: 3/3
  1343 | D:2      | Reached skill level 1 in Dodging
  1343 | D:2      | Reached XP level 4. HP: 30/30 MP: 4/4
  1502 | D:2      | Found a sacrificial altar of Ru.
  1566 | D:2      | Reached skill level 1 in Stealth
  1957 | D:3      | Reached skill level 3 in Short Blades
  2241 | D:3      | Reached skill level 1 in Throwing
  2241 | D:3      | Reached XP level 5. HP: 34/36 MP: 6/6
  2462 | D:4      | Noticed Sigmund
  2476 | D:4      | Killed Sigmund
  2476 | D:4      | Reached skill level 1 in Spellcasting
  2476 | D:4      | Reached XP level 6. HP: 31/42 MP: 7/7
  2618 | D:4      | Reached XP level 7. HP: 23/46 MP: 9/9
  2897 | D:4      | Found a staircase to the Ecumenical Temple.
  2909 | Temple   | Entered the Ecumenical Temple
  3109 | Temple   | Became a worshipper of Ashenzari the Shackled
  3152 | D:4      | Noticed Eustachio
  3164 | D:4      | Killed Eustachio
  3197 | D:4      | Noticed Grinder
  3202 | D:4      | Paralysed by Grinder for 6 turns
  3218 | D:4      | Paralysed by Grinder for 5 turns
  3231 | D:4      | Killed Grinder
  3231 | D:4      | Reached skill level 4 in Short Blades
  3231 | D:4      | Reached XP level 8. HP: 37/54 MP: 10/10
  3685 | D:5      | Entered Level 5 of the Dungeon
  3915 | D:5      | Noticed Prince Ribbit
  3927 | D:5      | Killed Prince Ribbit
  3927 | D:5      | Reached skill level 5 in Armour
  4061 | D:5      | Found a burning altar of Makhleb.
  4064 | D:5      | Reached skill level 5 in Shields
  4512 | D:6      | Reached XP level 9. HP: 57/58 MP: 12/12
  4556 | D:6      | Found a glowing drain.
  4565 | Sewer    | Entered a sewer
  4681 | Sewer    | Reached skill level 5 in Short Blades
  5007 | D:6      | Found a sand-covered staircase.
  5013 | Ossuary  | Entered an ossuary
  5803 | D:6      | Found a shadowy altar of Dithmenos.
  5809 | D:6      | Found a bloodstained altar of Trog.
  5949 | D:6      | Reached * piety under Ashenzari
  6043 | D:7      | Found Kaypneh's Food Shop.
  6247 | D:7      | Reached skill level 1 in Evocations
  6306 | D:7      | Reached skill level 5 in Stealth
  6336 | D:7      | Got the uncursed scale mail "Betteov" {rN+ Regen+}
  6347 | D:7      | Identified the +3 scale mail "Betteov" {rN+ Regen+} (You
                  | found it on level 7 of the Dungeon)
  6413 | D:7      | Found an opulent altar of Gozag.
  6577 | D:7      | Found a radiant altar of Vehumet.
  6744 | D:8      | Reached XP level 10. HP: 63/65 MP: 14/14
  6749 | D:8      | Reached skill level 6 in Short Blades
  6795 | D:8      | Found Gefeext's Armour Emporium.
  6809 | D:8      | Reached skill level 5 in Fighting
  6810 | D:8      | Noticed Erica
  6833 | D:8      | Reached skill level 5 in Dodging
  6836 | D:8      | Killed Erica
  7062 | D:8      | Noticed Harold
  7154 | D:8      | Killed Harold
  7154 | D:8      | Reached skill level 7 in Short Blades
  7154 | D:8      | Reached skill level 5 in Throwing
  7161 | D:8      | Reached XP level 11. HP: 19/72 MP: 15/17
  7298 | D:8      | Noticed Pikel
  7343 | D:8      | Killed Pikel
  7471 | D:8      | Reached ** piety under Ashenzari
  7519 | D:8      | Found a staircase to the Lair.
  7660 | D:8      | Found a hide-covered altar of Uskayaw.
  8264 | D:9      | Found a shimmering altar of Xom.
  8264 | D:9      | Found an ancient bone altar of Kikubaaqudgha.
  8265 | D:9      | Found an ornate altar of the Wu Jian Council.
  8661 | D:10     | Entered Level 10 of the Dungeon
  8661 | D:10     | Noticed a brown ugly thing
  8687 | D:10     | Killed a brown ugly thing
  8756 | D:10     | Found Nurex's Jewellery Emporium.
  9551 | D:11     | Found Paphost's Food Emporium.
  9683 | D:12     | Noticed Nergalle
  9685 | D:12     | Noticed a spectral orc warlord
  9703 | D:12     | Killed Nergalle
  9703 | D:12     | Reached skill level 8 in Short Blades
  9765 | D:12     | Found a frozen archway.
  9789 | D:12     | Slain by an ice devil

Levels and vault maps discovered:
D:1:      eino_arrival_tree_alley, layout_basic, serial_bayou,
          serial_bayou_pond_e, serial_bayou_pond_c, serial_bayou_pond_d,
          serial_bayou_ford_a
D:2:      layout_loops_ring, hangedman_ru_absence, serial_undead,
          serial_undead_f, serial_undead_d, serial_undead_e, serial_undead_e,
          serial_undead_c, serial_undead_c, lemuel_statue_altar
D:3:      layout_basic
D:4:      layout_basic, minmay_temple_entry_gardened_gates,
          minmay_pentomino_pile, uniq_eustachio, uniq_sigmund, uniq_grinder
D:5:      layout_loops_cross, first_ration, makhleb_blood_cavern_becter,
          uniq_prince_ribbit1
D:6:      layout_rooms, grunt_temple_overflow_open,
          lightli_ossuary_entry_decrepit_ruins, portal_sewer_entry_d
D:7:      layout_cave_pools, vehumet_crystals, grunt_gozag_statues,
          serial_shops, shop
D:8:      layout_rooms, eat_drink_and_be_merry_uskayaw,
          due_lair_maze_entry_diamond, serial_shops, nicolae_shop_crystal,
          blue_anna_alchemist [blue_anna_fruit_fields, blue_anna_fruit_fields],
          uniq_harold, uniq_pikel, uniq_erica
D:9:      layout_rooms, gammafunk_temple_overflow_forgotten
D:10:     layout_basic, serial_shops, shop, minmay_puff
D:11:     layout_roguey, zombieorc2_lemuel, serial_shops,
          nicolae_shop_competitors_out_of_business,
          nicolae_shop_window_shopping, nicolae_shop_crystal,
          lightli_elemental_guards, uniq_maurice
D:12:     layout_long_grid, portal_ice_cave_demonic_guard, uniq_nergalle,
          uniq_jorgrun, uniq_kirke, uniq_frances
Temple:   nicolae_temple_figure_eight
Sewer:    sewer_minmay_treatment
Ossuary:  ossuary_zaba_two_paths

Skill      XL: |  1  2  3  4  5  6  7  8  9 10 11 |
---------------+----------------------------------+-----
Dodging        | 1 2 3 4 5 6 |  6.9
Stealth        | 1 2 3 4 5 |  5.2
Fighting       | 3 4 5 6 |  6.4
Short Blades   | 3 4 5 7 8 |  8.0
Throwing       | 1 2 3 4 5 6 |  6.0
Shields        | 4 5 6 7 |  7.7
Spellcasting   | 1 2 3 4 |  4.8
Armour         | 4 5 6 7 |  7.7
Evocations     | 1 3 4 |  4.5

Action                   |  1- 3 |  4- 6 |  7- 9 | 10-12 || total
-------------------------+-------+-------+-------+-------++-------
Melee: Rapier            |     6 |       |       |   486 ||   492
       Short sword       |    82 |   130 |   848 |   263 ||  1323
 Abil: Evoke Berserk Rag |       |       |       |     2 ||     2
  Use: Potion            |     1 |       |     3 |     8 ||    12
       Scroll            |       |     6 |     7 |     9 ||    22
 Stab: Sleeping          |       |       |     4 |     2 ||     6
  Eat: Chunk             |     1 |     4 |    15 |    13 ||    33
Armor: Scale mail        |    24 |    47 |   259 |   272 ||   602
       Skin              |       |       |       |    18 ||    18
Dodge: Dodged            |    32 |    51 |   339 |   335 ||   757
Block: Shield            |    32 |    62 |   445 |   396 ||   935

Table legend:
 A = Non-vault XP
 B = Vault XP
 C = Vault XP percentage of total XP
 D = Non-vault monster count
 E = Vault monster count
 F = Vault count percentage of total count
                 A         B        C        D         E       F
            +---------+---------+-------+---------+---------+-------
      Total |    8134 |    6809 |  45.6 |     212 |     136 |  39.1
            +---------+---------+-------+---------+---------+-------
        D:1 |      34 |       0 |   0.0 |      20 |       0 |   0.0
        D:2 |      28 |      14 |  33.3 |      12 |       6 |  33.3
        D:3 |      72 |       0 |   0.0 |      28 |       0 |   0.0
        D:4 |      34 |     868 |  96.2 |       3 |       6 |  66.7
        D:5 |     445 |     302 |  40.4 |      13 |       2 |  13.3
        D:6 |     718 |      13 |   1.8 |      26 |       1 |   3.7
        D:7 |    1007 |       0 |   0.0 |      32 |       0 |   0.0
        D:8 |     867 |    4270 |  83.1 |      25 |      16 |  39.0
        D:9 |    2071 |       0 |   0.0 |      23 |       0 |   0.0
       D:10 |    1792 |     211 |  10.5 |      24 |       3 |  11.1
       D:11 |      45 |       0 |   0.0 |       1 |       0 |   0.0
       D:12 |    1021 |     785 |  43.5 |       5 |       1 |  16.7
      Sewer |       0 |     184 | 100.0 |       0 |      48 | 100.0
    Ossuary |       0 |     162 | 100.0 |       0 |      53 | 100.0
            +---------+---------+-------+---------+---------+-------
